 Dungeon Crawl Stone Soup version 0.18.1-48-g4cf74bf (webtiles) character file.

116 kaxub the Skirmisher (level 4, -1/63 HPs)
             Began as a Minotaur Berserker on Aug 11, 2016.
             Was a Priest of Trog.
             Slain by a gnoll
             ... wielding a +0 spear
              (4 damage)
             ... on level 2 of the Dungeon.
             The game lasted 00:04:49 (1553 turns).

kaxub the Skirmisher (Minotaur Berserker)           Turns: 1553, Time: 00:04:49

Health: -1/63      AC:  2    Str: 28    XL:     4   Next: 70%
Magic:  3/3        EV: 12    Int:  4    God:    Trog [***...]
Gold:   96         SH:  0    Dex:  9    Spells: 0 memorised, 3 levels left

rFire  . . .     SeeInvis .     a - +0 hand axe
rCold  . . .     Gourm    .     b - +0 animal skin
rNeg   . . .     Faith    .     (no shield)
rPois  .         Spirit   .     (helmet restricted)
rElec  .         Dismiss  .     (no cloak)
rCorr  .         Reflect  .     (no gloves)
SustAt .         Harm     .     (no boots)
MR     .....                    (no amulet)
Stlth  ..........               (no ring)
                                (no ring)

@: berserking, very quick, not resistant to hostile enchantments, extremely
unstealthy
A: retaliatory headbutt, horns 2
a: Berserk, Trog's Hand, Burn Spellbooks, Renounce Religion


You were on level 2 of the Dungeon.
You worshipped Trog.
Trog was most pleased with you.
You were hungry.

You visited 1 branch of the dungeon, and saw 2 of its levels.

You collected 96 gold pieces.

Inventory:

Hand Weapons
 a - a +0 hand axe (weapon)
 l - a +0 flail
Armour
 b - a +0 animal skin (worn)
Scrolls
 d - a scroll of amnesia {unknown}
 f - 2 scrolls of remove curse {unknown}
 g - a scroll of immolation {unknown}
 j - 3 scrolls of identify {unknown}
 k - a scroll of magic mapping {unknown}
 m - 2 scrolls of enchant weapon {unknown}
Potions
 e - 4 potions of degeneration {unknown}
 h - a potion of haste {unknown}
 n - a potion of lignification {unknown}
Comestibles
 c - 4 bread rations
 i - a chunk of flesh


   Skills:
 - Level 5.0 Fighting
 - Level 4.1 Axes
 + Level 4.2 Armour
 * Level 2.5 Dodging


You had 3 spell levels left.
You didn't know any spells.

Dungeon Overview and Level Annotations

Branches:
Dungeon (2/15)

Altars:


Innate Abilities, Weirdness & Mutations

You reflexively headbutt those who attack you in melee.
You have a pair of horns on your head.


Message History

Unknown command.
You hit the gnoll.
The gnoll is severely wounded.
The gnoll hits you from afar with a spear.
* * * LOW HITPOINT WARNING * * *
The gnoll closely misses you.
Unknown command.
You hit the gnoll.
The gnoll is almost dead.
The gnoll hits you from afar with a spear.
* * * LOW HITPOINT WARNING * * *
The gnoll barely misses you. You furiously retaliate!
You headbutt the gnoll.
You kill the gnoll!
Trog accepts your kill. The gnoll hits you with a spear.
* * * LOW HITPOINT WARNING * * *
You see here a whip.
You barely miss the gnoll. You barely miss the gnoll.
The gnoll hits you with a spear.
You die...

..# ###.##### #.#
.?..>..#### #.#
#......... #.## ###
#.......# ...# ..#
#.......# .#.# #.#
#.......# .#.# #.#
#.......#
.#.#########.###)g####.#
................@........
.#...........###..#######
.####.##########..# ##
#.# #.....#
###+#######.###.##
#................+ #
#...........###### #
#...........#
###...........#


You could see a gnoll.

Vanquished Creatures
  5 gnolls (D:2)
  An adder (D:2)
  A worm (D:2)
  A dart slug (D:1)
  6 giant geckos
  7 bats
  2 giant cockroaches (D:1)
  3 goblins
  2 hobgoblins (D:2)
  2 jackals (D:1)
  A ball python (D:2)
  2 giant newts (D:1)
  7 kobolds (D:1)
  16 rats (D:1)
  A bush (D:1)
57 creatures vanquished.

Notes
Turn   | Place    | Note
--------------------------------------------------------------
     0 | D:1      | kaxub the Minotaur Berserker began the quest for the Orb.
     0 | D:1      | Reached XP level 1. HP: 19/19 MP: 0/0
    26 | D:1      | Reached skill level 4 in Fighting
    54 | D:1      | Reached XP level 2. HP: 11/27 MP: 1/1
   362 | D:1      | Reached ** piety under Trog
   454 | D:1      | Reached skill level 5 in Fighting
   485 | D:1      | Reached XP level 3. HP: 28/36 MP: 2/2
  1276 | D:2      | Reached XP level 4. HP: 25/42 MP: 3/3
  1544 | D:2      | Reached *** piety under Trog
  1551 | D:2      | HP: 3/63 [gnoll/spear (2)]
  1553 | D:2      | Slain by a gnoll

Skill      XL: |  1  2  3  4 |
---------------+-------------+-----
Fighting       | 4 5 |  5.0
Axes           | 4 |  4.1
Armour         | 3 4 |  4.2
Dodging        | |  2.5

Action                   |  1- 3 |  4- 6 || total
-------------------------+-------+-------++-------
Melee: Hand axe          |   180 |    22 ||   202
       Headbutt          |    39 |     4 ||    43
Invok: Berserk           |       |     1 ||     1
  Eat: Chunk             |     1 |     1 ||     2
Armor: Animal skin       |    13 |       ||    13
Dodge: Dodged            |    78 |    18 ||    96
